Map: Blueshift LE

Players

Tofuga

  • Race: Terran Terran
  • League: Silver
  • Spawn Location: 1:00

A.I. 1 (Very Easy) - Winner!

  • Race: Protoss Protoss
  • Spawn Location: 7:00

VOD

Have the link to the VOD?

Description

To be deleted. I don't know how to delete it.

Time

  • Played on: Sept. 19, 2018, 5:47 a.m.
  • Length: 2:46
Show
View Real Time Build Order
Export as new Build Order

Tofuga Terran 

Build Orders:  

Get SALT Encoding   

  12  0:00  SCV  
  13  0:13  SCV  
  14  0:17  Supply Depot  
  14  0:25  SCV  
  15  0:39  SCV  
  15  0:40  Barracks  
  16  0:51  SCV  
  17  1:03  SCV  
  18  1:06  Barracks  
  18  1:15  SCV  
  19  1:27  Marine  
  19  1:28  Orbital Command  
  20  1:34  Supply Depot  
  20  1:46  Marine  
  21  1:53  Marine  
  22  1:55  SCV  
  23  2:03  Marine  
  23  2:07  SCV  
  25  2:14  Marine  
  26  2:16  Command Center  
  26  2:19  SCV  
  27  2:26  Barracks, Marine  
  28  2:31  Supply Depot, SCV  
Show
View Real Time Build Order
Export as new Build Order

A.I. 1 (Very Easy) Protoss - Winner!

Build Orders:  

Get SALT Encoding   

  12  0:00  Probe  
  13  0:13  Probe  
  14  0:19  Pylon  
  14  0:36  Assimilator  
  14  0:43  Gateway  
  14  0:47  Pylon  
  14  1:14  Assimilator  
  14  1:23  Probe  
  14  1:31  Probe  
  15  1:33  Zealot  
  15  1:35  Cybernetics Core  
  15  1:39  Probe  
  19  1:50  Probe  
  20  2:00  Probe  
  20  2:08  Probe  
Tags
 
League
Silver
Matchup
PvT
Spawn Locations
Cross Positions
Add a new tag
Caveats
  • Supply blocks, unpowered buildings, or Contaminate may cause inaccurate times.
  • Supply counts are checked every 10 seconds.